 Dungeon Crawl Stone Soup version 0.20.1-1-g8b1a95d (webtiles) character file.

177 dvd the Covered (level 5, -1/42 HPs)
             Began as a Minotaur Wanderer on Aug 7, 2017.
             Slain by an orc priest
             ... wielding a +2 falchion of electrocution
              (17 damage)
             ... on level 3 of the Dungeon.
             The game lasted 00:05:43 (2991 turns).

dvd the Covered (Minotaur Wanderer)                 Turns: 2991, Time: 00:05:45

Health: -1/42      AC:  8    Str: 15    XL:     5   Next: 30%
Magic:  4/4        EV: 10    Int:  9    God:
Gold:   141        SH:  0    Dex: 12    Spells: 4/4 levels left

rFire    . . .     SeeInvis .   a - +2 short sword
rCold    . . .     Gourm    .   (no shield)
rNeg     . . .     Faith    .   i - +0 scale mail
rPois    .         Spirit   .   (helmet restricted)
rElec    .         Reflect  .   (no cloak)
rCorr    .         Harm     .   d - +0 pair of gloves
MR       .....                  (no boots)
Stlth    ..........             (no amulet)
Regen    0.2/turn               (no ring)
MPRegen  0.1/turn               (no ring)

@: no status effects
A: retaliatory headbutt, horns 2
a: no special abilities


You were on level 3 of the Dungeon.
You were not hungry.

You visited 1 branch of the dungeon, and saw 3 of its levels.

You collected 141 gold pieces.

Inventory:

Hand Weapons
 a - a +2 short sword (weapon)
Missiles
 h - 88 stones (quivered)
Armour
 d - a +0 pair of gloves (worn)
 i - a +0 scale mail (worn)
Scrolls
 g - a scroll of teleportation {unknown}
 l - 5 scrolls of remove curse {unknown}
 m - 3 scrolls of identify {unknown}
 n - a scroll of random uselessness {unknown}
 p - 2 scrolls of noise {unknown}
 q - a scroll of blinking {unknown}
 r - a scroll of immolation {unknown}
Potions
 b - 2 potions of curing
 c - a potion of lignification
 e - a potion of might {unknown}
 j - a potion of agility {unknown}
 k - a potion of cancellation {unknown}
 o - a potion of haste {unknown}
 s - a potion of resistance {unknown}
 u - 2 potions of heal wounds {unknown}
 w - a potion of degeneration {unknown}
Comestibles
 f - 2 bread rations
 t - a meat ration


   Skills:
 + Level 2.4 Fighting
 + Level 3.7 Short Blades
   Level 2.1 Bows
 + Level 2.1 Throwing
 + Level 4.2 Armour
 + Level 1.9 Dodging
 + Level 1.2 Stealth


You had 4 spell levels left.
You didn't know any spells.

Dungeon Overview and Level Annotations

Branches:
Dungeon (3/15)

Altars:


Innate Abilities, Weirdness & Mutations

You reflexively headbutt those who attack you in melee.
You have a pair of horns on your head.


Message History

The orc priest is healed somewhat.
The orc priest barely misses you.
You puncture the orc priest! Your headbutt misses the orc priest.
The orc priest is almost dead.
The orc priest calls upon Beogh to heal the orc priest.
The orc priest is healed somewhat.
The orc closely misses you.
The orc priest hits you with a falchion of electrocution.
Your scale mail prevents you from hitting the orc priest.
The orc priest is heavily wounded.
The orc priest hits you but does no damage.
The orc barely misses you.
You hit the orc priest.
The orc priest is almost dead.
The orc priest hits you with a falchion of electrocution.
The orc priest looks braver for a moment.
You barely miss the orc priest.
The orc priest is almost dead.
The orc hits you with a flail!
The orc priest hits you with a falchion of electrocution.
You are electrocuted!
You die...

#.... #.... ############# #....
##### #...........# ###....
#...#######.#########.# #.'....
#...........##......#.# ##.#....
#...##########.#......# #...)...
#...# ######o#.##.#####.......
#.### ((((..o@...........#####
#.# .#####o#.##.#####..#=((# #.#
...............#(($# #.#
#####.#.........#[?!# #.#
#.#......#..##### #.######
#.#......#.......
#[##...#########'##)#####.......
#..'................# ##.#####
####...####.........# #.##


You could see 2 orc priests and an orc.

Vanquished Creatures
  An ogre (D:3)
  A worker ant (D:3)
  2 adders (D:2)
  An ooze (D:1)
  3 worms
  An orc (D:3)
  5 bats
  2 giant cockroaches
  7 goblins
  4 hobgoblins
  A frilled lizard (D:1)
  4 kobolds
  7 rats
39 creatures vanquished.

Notes
Turn   | Place    | Note
-------+----------+-------------------------------------------
     0 | D:1      | dvd the Minotaur Wanderer began the quest for the Orb.
     0 | D:1      | dvd set off with: a +2 short sword, a potion of curing, a potion of lignification, a +0 robe, a bread ration
     0 | D:1      | Reached XP level 1. HP: 16/16 MP: 0/0
   302 | D:1      | Reached XP level 2. HP: 23/23 MP: 1/1
  1204 | D:2      | Reached XP level 3. HP: 25/28 MP: 2/2
  1293 | D:2      | Reached skill level 3 in Armour
  1955 | D:3      | Noticed an ogre
  1965 | D:3      | Killed an ogre
  1965 | D:3      | Reached XP level 4. HP: 34/36 MP: 3/3
  1965 | D:3      | Reached XP level 5. HP: 39/41 MP: 4/4
  2044 | D:3      | Noticed an ogre
  2054 | D:3      | HP: 1/41 [ogre/giant club (19)]
  2682 | D:3      | Reached skill level 4 in Armour
  2991 | D:3      | Slain by an orc priest

Skill      XL: |  1  2  3  4  5 |
---------------+----------------+-----
Short Blades   | 3 |  3.7
Armour         | 3 4 |  4.2
Fighting       | 2 |  2.4
Throwing       | 2 |  2.1
Bows           | |  2.1
Dodging        | |  1.9
Stealth        | |  1.2

Action                   |  1- 3 |  4- 6 || total
-------------------------+-------+-------++-------
Melee: Short sword       |    64 |    36 ||   100
       Headbutt          |     7 |     3 ||    10
Throw: Javelin           |    18 |     1 ||    19
       Stone             |     8 |     6 ||    14
  Eat: Chunk             |     3 |     3 ||     6
Armor: Scale mail        |    19 |     8 ||    27
       Robe              |     2 |       ||     2
Dodge: Dodged            |    31 |    12 ||    43
